 Dungeon Crawl Stone Soup version 0.30.1-4-g462c640d31 (webtiles) character file.

Game seed: 9453970174290228216

7966 FishyPogo the Protected (level 11, 0/103 HPs)
             Began as an Armataur Berserker on Aug 19, 2023.
             Was an Elder of Trog.
             Slain by a hellwing (11 damage)
             ... summoned by a kobold demonologist
             ... on level 9 of the Dungeon.
             The game lasted 00:28:11 (7714 turns).

FishyPogo the Protected (Armataur Berserker)        Turns: 7714, Time: 00:28:11

Health: 0/103      AC:  5    Str: 27      XL:     11   Next: 3%
Magic:  20/20      EV: 12    Int:  8      God:    Trog [****..]
Gold:   362        SH:  5    Dex: 12 (14) Spells: 10/10 levels left

rFire   . . .        w - +9 falchion of Valour {heavy, Will+}
rCold   . . .        E - +0 buckler
rNeg    . . .        I - +1 robe {Will+}
rPois   .            F - +2 hat
rElec   .            (no cloak)
rCorr   .            (no gloves)
SInv    .            k - +3 barding "Podawige" {Dex+5}
Will    ++++.        (no amulet)
Stlth   +++          C - ring of magical power
HPRegen 1.37/turn    J - +5 ring of evasion
MPRegen 0.17/turn

%: roll
@: mighty, about to teleport, strong-willed (expiring), corroded, regenerating
(expiring)
A: large, rugged brown scales 3, deformed body, armoured tail, roll, long
tongue, awkward tongue
a: Renounce Religion, Berserk, Trog's Hand, Brothers in Arms


You were on level 9 of the Dungeon.
You worshipped Trog.
Trog was greatly pleased with you.
You visited 1 branch of the dungeon, and saw 9 of its levels.

You collected 403 gold pieces.
You spent 41 gold pieces at shops.

Inventory:

Hand Weapons
 w - the +9 falchion of Valour (weapon) {heavy, Will+}
   (You found it on level 4 of the Dungeon)

   Will:      It increases your willpower.
 L - the +6 rapier "Qoevust" {spect, *Corrode rElec rF+++ Dex-3}
   (You found it on level 8 of the Dungeon)

   Dex:       It affects your dexterity (-3).
   rF:        It renders you almost immune to fire.
   rElec:     It insulates you from electricity.
   *Corrode:  It may corrode you when you take damage.
 Q - the +7 spear of Olile {spect, rElec rC- Str+7}
   (You found it on level 9 of the Dungeon)

   Str:       It affects your strength (+7).
   rC:        It makes you vulnerable to cold.
   rElec:     It insulates you from electricity.
Missiles
 m - 3 boomerangs (quivered)
 n - 66 stones
 M - 2 throwing nets
 N - 3 poisoned darts
Armour
 b - +0 acid dragon scales
 k - the +3 barding "Podawige" (worn) {Dex+5}
   (You found it on level 2 of the Dungeon)

   Dex:       It affects your dexterity (+5).
 E - a +0 buckler (worn)
 F - a +2 hat (worn)
 I - a +1 robe of willpower (worn)
Magical Staves
 O - the staff of poison "Duheuhot" {rElec rPois rF+}
   (You found it on level 8 of the Dungeon)

   [staff of poison]

   Base accuracy: +5 Base damage: 5 Base attack delay: 1.2 This weapon's minimum
   attack delay (0.6) is reached at skill level 12.
   rF:        It protects you from fire.
   rElec:     It insulates you from electricity.
   rPois:     It protects you from poison.
   It falls into the 'Staves' category.
   It is a one-handed weapon.
   Trog disapproves of the use of such an item.
Jewellery
 e - an amulet of magic regeneration
 C - a ring of magical power (left hand)
 J - a +5 ring of evasion (right hand)
Wands
 a - a wand of acid (10)
 s - a wand of mindburst (27)
 y - a wand of iceblast (1)
Scrolls
 f - 3 scrolls of teleportation
 g - 4 scrolls of blinking {unknown}
 h - a scroll of acquirement {unknown}
 j - a scroll of torment {unknown}
 p - 4 scrolls of immolation
 q - a scroll of amnesia {unknown}
 u - 2 scrolls of fog {unknown}
 x - a scroll of magic mapping {unknown}
 D - a scroll of poison {unknown}
 G - a scroll of enchant weapon {unknown}
 H - 4 scrolls of identify
 K - a scroll of vulnerability
 P - 3 scrolls of enchant armour {unknown}
Potions
 c - 8 potions of curing
 d - a potion of heal wounds
 i - 2 potions of magic {unknown}
 l - 2 potions of resistance {unknown}
 o - a potion of might
 r - a potion of brilliance {unknown}
 t - a potion of cancellation
 v - 2 potions of berserk rage
 z - 2 potions of mutation {unknown}
 A - 2 potions of lignification
 B - a potion of attraction


   Skills:
 * Level 9.1 Fighting
 - Level 1.6(4.6) Short Blades
 - Level 6.8(7.0) Long Blades
 * Level 11.3 Armour
 - Level 2.0 Dodging
 + Level 7.5 Stealth
 - Level 4.0 Shields
 + Level 2.6 Evocations


You had 10 spell levels left.
You didn't know any spells.
Your spell library contained the following spells:

 Spells                   Type           Power      Damage    Failure   Level
 Beastly Appendage        Tmut           0%         N/A       45%         1
 Slow                     Hex            0%         N/A       45%         1
 Summon Small Mammal      Summ           0%         N/A       45%         1
 Ensorcelled Hibernation  Hex/Ice        0%         N/A       58%         2
 Passwall                 Tmut/Erth      0%         N/A       58%         2
 Wereblood                Tmut           0%         N/A       58%         2
 Call Canine Familiar     Summ           0%         N/A       83%         3
 Confusing Touch          Hex            0%         N/A       83%         3
 Spider Form              Tmut/Pois      0%         N/A       83%         3
 Summon Guardian Golem    Hex/Summ       0%         N/A       83%         3
 Swiftness                Air            0%         N/A       83%         3
 Vampiric Draining        Necr           0%         2d6       83%         3
 Leda's Liquefaction      Hex/Erth       0%         N/A       99%         4
 Passage of Golubria      Tloc           0%         N/A       99%         4
 Borgnjor's Vile Clutch   Necr/Erth      0%         N/A       100%        5
 Lee's Rapid Deconstruct  Erth           0%         3d4*      100%        5
 Silence                  Hex/Air        0%         N/A       100%        5
 Yara's Violent Unravell  Hex/Tmut       0%         3d3       100%        5
 Statue Form              Tmut/Erth      0%         N/A       100%        6
 Lehudib's Crystal Spear  Conj/Erth      0%         10d2      100%        8


Dungeon Overview and Level Annotations

Branches:
Dungeon (9/15)             Temple (0/1) D:7
   Lair: D:8-11         Orc: D:9-12

Altars:
Ashenzari
Dithmenos
Elyvilon
Fedhas
Kikubaaqudgha
Makhleb
Sif Muna
Trog
Vehumet
Xom
Zin

Shops:
D:2 *


Innate Abilities, Weirdness & Mutations

You are completely covered in rugged brown scales. (AC +3, +7% HP)
Armour fits poorly on your strangely shaped body.
You have a long armoured tail.
You roll when moving toward enemies. (Rampage)
Your long tongue fully drains potion bottles. (2x potion effects)
Your tongue gives you trouble enunciating. (1.5x scroll delay)


Message History

Unknown command.
You barely miss the kobold demonologist.
The kobold demonologist is moderately wounded.
The hellwing disappears in a puff of smoke!
The quasit completely misses you. You block the quasit's attack.
The quasit barely misses you.
The kobold demonologist looks encouraged for a moment.
The kobold hits you but does no damage.
The kobold brigand hits you with a +0 club.
* * * LOW HITPOINT WARNING * * *
The kobold demonologist hits you but does no damage.
Unknown command.
You slash the kobold demonologist!
Your tail-slap misses the kobold demonologist.
The kobold demonologist is heavily wounded.
You recover from your berserk rage.
The kobold hits you with a +0 club.
* * * LOW HITPOINT WARNING * * *
The kobold brigand hits you with a +0 club.
* * * LOW HITPOINT WARNING * * *
The kobold demonologist casts a spell.
The kobold brigand hits you with a +0 club.
* * * LOW HITPOINT WARNING * * *
You block the kobold's attack.
The kobold demonologist hits you with a +0 dagger.
* * * LOW HITPOINT WARNING * * *
The ynoxinul hits you.
* * * LOW HITPOINT WARNING * * *
Unknown command.
Unknown command.
Okay, then.
As you slowly read the scroll of teleportation, it crumbles to dust.
You feel strangely unstable. The hellwing hits you!
* * * LOW HITPOINT WARNING * * *
The hellwing hits you but does no damage.
The kobold brigand hits you with a +0 club.
* * * LOW HITPOINT WARNING * * *
The ynoxinul gestures.
The hellwing hits you!
You die...

........+ #........##.##......
........## #........#..# .....
..<.....##.#........#.## .K..
........##............# ##K
####'#### ##........### ##<#
####.##### #..# #..# ###'#####
###'#########
........####..KK@K55...#########.
........##.'..543KK5...##..K..5..
........'..#..5535K.....#.5.5K...
........####..5)555.....#5K.K..>.
........# #............55K45K...
........# #...........##K55K....
######### #...........##########
#############


You could see a hellwing (summoned), 2 kobold demonologists, a neqoxec
(summoned), a ynoxinul (summoned), a kobold brigand, 2 quasits, a crimson imp
(summoned), a shadow imp (summoned), 7 ufetubi and 3 kobolds.

Vanquished Creatures
  2 two-headed ogres
  Pikel (D:6)
  2 kobold demonologists (D:9)
  A troll (D:9)
  A hornet (D:8)
  Prince Ribbit (D:8)
  Sigmund (D:5)
  4 yaks (D:7)
  A wyvern (D:9)
  2 steam dragons
  Grum (D:9)
  3 swamp worms (D:8)
  Edmund (D:6)
  2 water moccasins
  An acid dragon (D:8)
  2 ice beasts
  3 orc warriors
  An ogre (D:7)
  4 wolves (D:9)
  4 centaurs
  A lemure (D:6)
  2 kobold brigands
  Blork the orc (D:5)
  A bullfrog (D:8)
  A necrophage (D:5)
  A gnoll sergeant (D:9)
  A scorpion (D:5)
  10 killer bees
  3 howler monkeys (D:7)
  2 hounds
  4 jellies
  An orc priest (D:5)
  3 gnoll boudas
  9 orc wizards
  3 iguanas
  A hound skeleton (D:5)
  14 gnolls
  8 adders
  2 shadow imps
  A white imp (D:8)
  4 worms
  4 dart slugs
  22 orcs
  7 bats
  8 endoplasms
  5 giant cockroaches
  10 goblins
  6 hobgoblins
  4 jackals (D:2)
  16 kobolds
  6 ball pythons
  2 frilled lizards
  A rat (D:1)
202 creatures vanquished.

Vanquished Creatures (others)
  An orc wizard (D:9)
1 creature vanquished.

Grand Total: 203 creatures vanquished

Notes
Turn   | Place    | Note
-------+----------+-------------------------------------------
     0 | D:1      | FishyPogo the Armataur Berserker began the quest for the
                  | Orb.
     0 | D:1      | Reached XP level 1. HP: 19/19 MP: 1/1
   177 | D:1      | Reached XP level 2. HP: 23/26 MP: 2/2
   282 | D:1      | Reached skill level 3 in Armour
   755 | D:2      | Reached XP level 3. HP: 25/33 MP: 3/3
   869 | D:2      | Identified the +3 barding "Podawige" {Dex+5}
  1032 | D:2      | Reached ** piety under Trog
  1097 | D:2      | Found Muogomiu's Assorted Antiques.
  1101 | D:2      | Reached XP level 4. HP: 40/40 MP: 4/4
  1106 | D:2      | Bought a fuming green potion for 19 gold pieces
  1106 | D:2      | Bought a scroll labelled SUGANK ILIPODGH for 22 gold pieces
  2274 | D:4      | Noticed an ice beast
  2282 | D:4      | Killed an ice beast
  2283 | D:4      | Reached skill level 1 in Short Blades
  2283 | D:4      | Reached skill level 4 in Armour
  2283 | D:4      | Reached skill level 1 in Stealth
  2283 | D:4      | Reached XP level 5. HP: 28/49 MP: 5/5
  2544 | D:4      | Identified the +9 falchion of Valour {heavy, Will+}
  2566 | D:4      | Reached XP level 6. HP: 55/55 MP: 6/6
  2847 | D:4      | Found a shadowy altar of Dithmenos.
  2867 | D:4      | Found a white marble altar of Elyvilon.
  3228 | D:5      | Entered Level 5 of the Dungeon
  3301 | D:5      | Found a shimmering blue altar of Sif Muna.
  3312 | D:5      | Reached skill level 5 in Armour
  3315 | D:5      | Reached *** piety under Trog
  3368 | D:5      | Noticed Sigmund
  3371 | D:5      | Killed Sigmund
  3372 | D:5      | Reached XP level 7. HP: 63/64 MP: 7/7
  3648 | D:5      | Reached skill level 5 in Fighting
  3841 | D:5      | Noticed Blork the orc
  3847 | D:5      | Killed Blork the orc
  3940 | D:5      | Reached skill level 6 in Armour
  3950 | D:5      | Found a burning altar of Makhleb.
  4086 | D:6      | Noticed Edmund
  4100 | D:6      | Killed Edmund
  4101 | D:6      | Reached skill level 1 in Shields
  4101 | D:6      | Reached XP level 8. HP: 61/67 MP: 8/8
  4159 | D:6      | Reached skill level 5 in Long Blades
  4159 | D:6      | Noticed Pikel
  4283 | D:6      | Reached skill level 7 in Armour
  4293 | D:6      | Killed Pikel
  4294 | D:6      | Reached XP level 9. HP: 43/80 MP: 9/9
  4642 | D:6      | Found a blossoming altar of Fedhas.
  4646 | D:6      | Found a radiant altar of Vehumet.
  5044 | D:7      | Got the Compilation of the Eleven Youths
  5059 | D:7      | Found a staircase to the Ecumenical Temple.
  5075 | D:7      | Reached skill level 8 in Armour
  5077 | D:7      | Reached skill level 5 in Stealth
  5149 | D:7      | Found a bloodstained altar of Trog.
  5386 | D:7      | Reached **** piety under Trog
  5476 | D:7      | Found a shimmering altar of Xom.
  5832 | D:8      | Identified the +6 rapier "Qoevust" {spect, *Corrode rElec
                  | rF+++ Dex-3}
  5849 | D:8      | Reached skill level 9 in Armour
  5956 | D:8      | HP: 1/84 [swamp worm (10)]
  5974 | D:8      | Identified the staff of poison "Duheuhot" {rElec rPois rF+}
  6175 | D:8      | Reached XP level 10. HP: 92/92 MP: 10/10
  6281 | D:8      | Found a broken altar of Ashenzari.
  6281 | D:8      | Found a glowing silver altar of Zin.
  6370 | D:8      | Found an ancient bone altar of Kikubaaqudgha.
  6424 | D:8      | Noticed Prince Ribbit
  6433 | D:8      | Killed Prince Ribbit
  6482 | D:8      | Noticed a two-headed ogre
  6492 | D:8      | Killed a two-headed ogre
  6493 | D:8      | Reached skill level 10 in Armour
  7132 | D:9      | Reached skill level 1 in Evocations
  7273 | D:9      | Identified the +7 spear of Olile {spect, rElec rC- Str+7}
  7276 | D:9      | Noticed Grum
  7280 | D:9      | Killed Grum
  7655 | D:9      | Noticed a two-headed ogre
  7660 | D:9      | Reached skill level 11 in Armour
  7661 | D:9      | Killed a two-headed ogre
  7683 | D:9      | Noticed a rust devil
  7703 | D:9      | Noticed a rust devil
  7707 | D:9      | Reached XP level 11. HP: 89/103 MP: 11/11
  7714 | D:9      | Slain by a hellwing

Illustrated notes

Levels and vault maps discovered:
D:1:      shiori_arrival_oz, layout_loops_ring, chequers_serial_rivers_micro_a
D:2:      layout_basic, serial_shops, shop, kennysheep_generic_room_9
D:3:      layout_basic, serial_bayou, serial_bayou_shore_a, serial_bayou_pond_b,
          serial_bayou_pond_b, serial_bayou_pond_d, minmay_misc_feat_ornament
D:4:      layout_cave_pools, nicolae_overflow_squiral, minmay_pentomino_pile
D:5:      layout_loops_ring, mainiacjoe_overflow_surrounded_room,
          makhleb_blood_cavern_becter, minmay_misc_feat_four_crosses,
          roderic_cross_of_infinity, uniq_sigmund, uniq_blork_the_orc
D:6:      layout_rooms, fedhas_altar_1, vehumet_crystals, uniq_edmund,
          uniq_pikel
D:7:      layout_basic, mainiacjoe_overflow_tiny_flanked,
          mainiacjoe_overflow_cross_hatched,
          minmay_temple_entry_statues_fountains
D:8:      layout_gridville, old_standard_altar,
          gammafunk_temple_overflow_elements, worms_lemuel, uniq_prince_ribbit1
D:9:      layout_roguey, uniq_grum

Skill      XL: |  1  2  3  4  5  6  7  8  9 10 |
---------------+-------------------------------+-----
Fighting       | 3 4 5 6 7 9 |  9.1
Armour         | 3 4 5 6 7 9 11 | 11.3
Long Blades    | 3 4 5 6 |  6.8
Short Blades   | 1 |  1.6
Dodging        | 2 |  2.0
Stealth        | 1 2 3 4 5 7 |  7.5
Shields        | 1 3 4 |  4.0
Evocations     | 2 |  2.6

Action                     |  1- 3 |  4- 6 |  7- 9 | 10-12 || total
---------------------------+-------+-------+-------+-------++-------
  Melee: Falchion          |    72 |    37 |   181 |   144 ||   434
         Punch             |     2 |     2 |       |       ||     4
         Tailslap          |    12 |     9 |    23 |    14 ||    58
         Spear             |     4 |       |       |       ||     4
         Rapier            |    32 |    67 |       |       ||    99
  Throw: Boomerang         |       |       |     1 |       ||     1
         Dart              |       |       |       |     4 ||     4
 Invoke: Berserk           |       |     2 |     5 |     2 ||     9
         Trog's Hand       |       |       |     2 |     1 ||     3
  Evoke: Wand              |       |       |       |     1 ||     1
    Use: Scroll            |       |     6 |       |     2 ||     8
         Potion            |       |     1 |     3 |     1 ||     5
   Stab: Sleeping          |     1 |     3 |     7 |     3 ||    14
         Distracted        |       |       |       |     1 ||     1
 Armour: Animal skin       |    44 |    48 |    64 |       ||   156
         Robe              |       |       |    42 |   107 ||   149
  Dodge: Dodged            |    46 |    41 |   114 |   170 ||   371
  Block: Buckler           |       |       |    46 |    68 ||   114
